 Dungeon Crawl Stone Soup version 0.24.0-123-gd5b16e6ec5 (webtiles) character file.

Game seed: 17519769338721482489, levelgen mode: deterministic

53 concon the Skirmisher (level 3, -2/34 HPs)
             Began as a Minotaur Berserker on Jan 27, 2020.
             Was a Believer of Trog.
             Slain by a worm (4 damage)
             ... on level 2 of the Dungeon.
             The game lasted 00:11:15 (1458 turns).

concon the Skirmisher (Minotaur Berserker)          Turns: 1458, Time: 00:11:16

Health: -2/34      AC:  5    Str: 22    XL:     3   Next: 62%
Magic:  2/2        EV: 11    Int:  4    God:    Trog [**....]
Gold:   21         SH:  0    Dex:  9    Spells: 2/2 levels left

rFire    . . .     SeeInvis .   g - +0 hand axe
rCold    . . .     Gourm    .   (no shield)
rNeg     . . .     Faith    .   n - +0 ring mail
rPois    .         Spirit   .   (helmet restricted)
rElec    .         Reflect  .   (no cloak)
rCorr    .         Harm     .   (no gloves)
MR       .....                  (no boots)
Stlth    ..........             (no amulet)
HPRegen  0.11/turn              (no ring)
MPRegen  0.08/turn              (no ring)

@: no status effects
A: retaliatory headbutt, horns 2
a: Berserk, Trog's Hand, Renounce Religion


You were on level 2 of the Dungeon.
You worshipped Trog.
Trog was pleased with you.
You were not hungry.

You visited 1 branch of the dungeon, and saw 2 of its levels.

You collected 21 gold pieces.

Inventory:

Hand Weapons
 a - a +0 falchion
 g - a +0 hand axe (weapon)
 i - a +0 short sword
 k - a +0 club
Missiles
 h - 41 stones (quivered)
Armour
 b - a +0 animal skin
 n - a +0 ring mail (worn)
Scrolls
 d - 4 scrolls of magic mapping {unknown}
 e - 5 scrolls of identify {unknown}
 f - a scroll of random uselessness {unknown}
 m - a scroll of enchant armour {unknown}
Potions
 l - 2 potions of flight {unknown}
 o - a potion of heal wounds {unknown}
Comestibles
 c - 3 rations
 j - 2 chunks of flesh


   Skills:
 + Level 4.6 Fighting
 + Level 4.1 Long Blades
 + Level 1.7 Axes
 + Level 2.5 Armour
 + Level 2.4 Dodging
 + Level 0.2 Stealth


You had 2 spell levels left.
You didn't know any spells.
Your spell library was empty.

Dungeon Overview and Level Annotations

Branches:
Dungeon (2/15)

Altars:


Innate Abilities, Weirdness & Mutations

You reflexively headbutt those who attack you in melee.
You have a pair of horns on your head.


Message History

The worm closely misses you.
You barely miss the worm.
The worm is moderately wounded.
You hit the kobold. You barely miss the gnoll.
The kobold hits you with a +0 dagger.
* * * LOW HITPOINT WARNING * * *
The gnoll misses you. You furiously retaliate!
You headbutt the gnoll. The worm bites you but does no damage.
You barely miss the worm.
The worm is moderately wounded.
You hit the gnoll. You hit the kobold but do no damage.
The kobold hits you with a +0 dagger.
* * * LOW HITPOINT WARNING * * *
The gnoll hits you but does no damage. The kobold hits you with a +0 dagger.
* * * LOW HITPOINT WARNING * * *
You hit the worm.
The worm is heavily wounded.
You hit the kobold but do no damage. You hit the gnoll but do no damage.
The gnoll closely misses you. The worm bites you.
You die...

.# .# .... .# .... .#
..... .# g... .# ... .#
###.####
.################g.....#.
................@w.......
#.###.###########K>...=#.
#?.##..# #......#
##..#.... #......#
#.##.#.. .?.....# ..
..#... .##.#.#..
#.##.#### . .#.... # ..
.# .. .# .. ##


You could see a worm, a gnoll and a kobold.

Vanquished Creatures
  A gnoll (D:2)
  An adder (D:2)
  2 dart slugs
  A leopard gecko (D:2)
  A giant cockroach (D:2)
  2 goblins (D:2)
  5 hobgoblins
  2 jackals (D:1)
  6 kobolds
  4 bats
  2 frilled lizards (D:1)
  A rat (D:1)
28 creatures vanquished.

Notes
Turn   | Place    | Note
-------+----------+-------------------------------------------
     0 | D:1      | concon the Minotaur Berserker began the quest for the Orb.
     0 | D:1      | Reached XP level 1. HP: 19/19 MP: 0/0
   759 | D:1      | Reached XP level 2. HP: 26/27 MP: 1/1
  1287 | D:2      | Reached XP level 3. HP: 34/34 MP: 2/2
  1333 | D:2      | Reached skill level 1 in Axes
  1450 | D:2      | Reached ** piety under Trog
  1458 | D:2      | Slain by a worm

Levels and vault maps discovered:
D:1:      nicolae_arrival_somewhat_less_tricky_arrival, layout_basic
D:2:      layout_rooms, overflow_temple_1_default, first_ration, uniq_terence,
          uniq_robin

Skill      XL: |  1  2  3 |
---------------+----------+-----
Fighting       | 4 |  4.6
Long Blades    | 4 |  4.1
Axes           | 1 |  1.7
Armour         | |  2.5
Dodging        | |  2.4
Stealth        | |  0.2

Action                   || total
-------------------------++-------
Melee: Hand axe          ||    81
       Headbutt          ||    12
  Eat: Chunk             ||     2
Armor: Animal skin       ||    15
       Ring mail         ||    12
Dodge: Dodged            ||    79
